 Dungeon Crawl Stone Soup version 0.21.1-1-g345015fe64 (webtiles) character file.

334 Oravi the Changer (level 6, -5/43 HPs)
             Began as a Merfolk Transmuter on May 16, 2018.
             Slain by Duvessa
             ... wielding a +0 short sword
              (7 damage)
             ... on level 4 of the Dungeon.
             The game lasted 00:08:47 (3640 turns).

Oravi the Changer (Merfolk Transmuter)              Turns: 3640, Time: 00:08:47

Health: -5/43      AC:  2    Str: 13    XL:     6   Next: 53%
Magic:  4/9        EV: 22    Int: 14    God:
Gold:   119        SH:  0    Dex: 19    Spells: 3/9 levels left

rFire    . . .     SeeInvis .     - Unarmed
rCold    . . .     Gourm    .   (shield currently unavailable)
rNeg     . . .     Faith    .   (armour currently unavailable)
rPois    x         Spirit   .   (helmet currently unavailable)
rElec    .         Reflect  .   (cloak currently unavailable)
rCorr    .         Harm     .   (gloves currently unavailable)
MR       .....                  (boots currently unavailable)
Stlth    ++........             (no amulet)
HPRegen  0.14/turn              p - +2 ring of strength
MPRegen  0.11/turn              (no ring)

@: spider-form (expiring), very slightly contaminated
A: tiny, (change form in water), (swift swim), (stealthy swim)
a: End Transformation


You were on level 4 of the Dungeon.
You were hungry.
You were a venomous arachnid creature.
You visited 1 branch of the dungeon, and saw 4 of its levels.

You collected 119 gold pieces.

Inventory:

Missiles
 a - 24 arrows
Armour
 b - a +0 robe (melded)
 t - a +0 buckler
Jewellery
 p - a +2 ring of strength (left front leg)
 y - an uncursed ring of protection from fire {unknown}
Scrolls
 e - a scroll of random uselessness {unknown}
 f - 2 scrolls of teleportation {unknown}
 g - 5 scrolls of identify {unknown}
 i - a scroll of noise {unknown}
 j - 3 scrolls of immolation {unknown}
 l - 5 scrolls of amnesia {unknown}
 m - a scroll of magic mapping {unknown}
 o - 2 scrolls of fear {unknown}
 r - a scroll of blinking {unknown}
 s - 3 scrolls of remove curse {unknown}
Potions
 h - a potion of heal wounds {unknown}
 k - 2 potions of flight {unknown}
 n - 5 potions of degeneration {unknown}
 u - 3 potions of lignification {unknown}
 v - a potion of cancellation {unknown}
 w - 2 potions of curing {unknown}
 x - a potion of haste {unknown}
Books
 c - a book of Changes

   Spells                             Type                      Level
   a - Beastly Appendage              Transmutation                1
   b - Sticks to Snakes               Transmutation                2
   c - Spider Form                    Transmutation/Poison         3
   d - Ice Form                       Ice/Transmutation            4
   e - Blade Hands                    Transmutation                5
Comestibles
 d - 7 rations


   Skills:
 - Level 1.1 Fighting
 + Level 3.6 Dodging
 * Level 5.0 Unarmed Combat
 - Level 2.0 Spellcasting
 - Level 7.1 Transmutations


You had 3 spell levels left.
You knew the following spells:

 Your Spells              Type           Power        Failure   Level  Hunger
a - Spider Form           Tmut/Pois      ##........   34%         3    ####...
b - Sticks to Snakes      Tmut           ###.....     8%          2    ###....
c - Beastly Appendage     Tmut           ###...       6%          1    ##.....


Dungeon Overview and Level Annotations

Branches:
Dungeon (4/15)
 Temple: D:4-7

Altars:
Dithmenos
Gozag
Kikubaaqudgha
Vehumet

Annotations:
D:4 Dowan, Duvessa


Message History

Duvessa is severely wounded.
Duvessa barely misses you.
Dowan generates a fountain of clear water, and laughs cruelly.
Dowan hits you with a dagger.
All of the chunks of flesh in your inventory have rotted away.
You barely miss Dowan. Duvessa barely misses you. Dowan misses you.
You closely miss Dowan. Duvessa misses you. Dowan hits you with a dagger.
You hit Dowan.
Dowan is lightly wounded.
Duvessa hits you with a short sword!
You hit Dowan but do no damage.
Dowan is poisoned.
Dowan is lightly wounded.
Dowan hits you with a dagger. Duvessa hits you with a short sword!
* * * LOW HITPOINT WARNING * * *
You closely miss Dowan.
Dowan is lightly wounded.
Dowan misses you. Duvessa hits you with a short sword.
* * * LOW HITPOINT WARNING * * *
Dowan completely misses you. Duvessa hits you with a short sword!
You die...

###########.#### #.# #...# #.##
##.### #).##
.#######..#########...#
............#.......#.#
#####...##.#.......#.###
#.####.........#...## ##.#
###.......###..# #..# #..es...#
##.### #.## #....e..## #...##
#####.# #........#####..#####
......# #.........#####......
####### #..........()))......
#########..........####......
#####..........######.#####.....e
......########## #.....#......
####### #.....#.....<


You could see Duvessa and Dowan.

Vanquished Creatures
  An orc wizard (D:3)
  Terence (D:2)
  2 worker ants (D:4)
  A hound skeleton (D:4)
  7 gnolls
  4 adders (D:3)
  A shadow imp (D:2)
  An ooze (D:3)
  A worm (D:2)
  3 dart slugs
  4 leopard geckos
  4 orcs
  7 giant cockroaches
  10 goblins
  9 hobgoblins
  3 quokkas
  4 ball pythons
  7 bats
  7 frilled lizards
  11 kobolds
  4 rats
92 creatures vanquished.

Notes
Turn   | Place    | Note
-------+----------+-------------------------------------------
     0 | D:1      | Oravi the Merfolk Transmuter began the quest for the Orb.
     0 | D:1      | Reached XP level 1. HP: 15/15 MP: 3/3
    37 | D:1      | Reached skill level 3 in Transmutations
    76 | D:1      | Reached XP level 2. HP: 6/21 MP: 3/5
   581 | D:1      | Reached XP level 3. HP: 18/26 MP: 4/6
   585 | D:1      | Learned a level 2 spell: Sticks to Snakes
   589 | D:1      | Learned a level 3 spell: Spider Form
   847 | D:1      | Reached skill level 4 in Transmutations
  1483 | D:2      | Found a radiant altar of Vehumet.
  1497 | D:2      | Reached XP level 4. HP: 29/32 MP: 2/7
  1549 | D:2      | Reached skill level 5 in Transmutations
  1687 | D:2      | Found an ancient bone altar of Kikubaaqudgha.
  1927 | D:2      | Found a shadowy altar of Dithmenos.
  2021 | D:2      | Noticed Terence
  2029 | D:2      | Killed Terence
  2116 | D:3      | Reached skill level 6 in Transmutations
  2198 | D:3      | Reached XP level 5. HP: 37/37 MP: 1/8
  2625 | D:3      | Reached skill level 7 in Transmutations
  2998 | D:4      | Reached XP level 6. HP: 37/43 MP: 5/9
  3310 | D:4      | Found an opulent altar of Gozag.
  3401 | D:4      | Noticed Duvessa
  3407 | D:4      | Noticed Dowan
  3421 | D:3      | Reached skill level 5 in Unarmed Combat
  3639 | D:4      | HP: 2/43 [Duvessa/short sword (4)]
  3640 | D:4      | Slain by Duvessa

Skill      XL: |  1  2  3  4  5  6 |
---------------+-------------------+-----
Transmutations | 3 4 6 7 |  7.1
Unarmed Combat | 4 5 |  5.0
Dodging        | 3 |  3.6
Fighting       | |  1.1
Spellcasting   | |  2.0

Action                   |  1- 3 |  4- 6 || total
-------------------------+-------+-------++-------
Melee: Unarmed           |   113 |   154 ||   267
       Headbutt          |     8 |       ||     8
 Cast: Beastly Appendage |    14 |     1 ||    15
       Spider Form       |     9 |    31 ||    40
 Stab: Sleeping          |       |     5 ||     5
  Eat: Chunk             |     4 |    11 ||    15
Armor: Robe              |    22 |     2 ||    24
       Skin              |       |     5 ||     5
Dodge: Dodged            |    87 |   123 ||   210
